[Event "Late-Titled-Tuesday-Blitz-May-28-2024"]
[Site "Chess.com"]
[Date "2024.05.28"]
[Round "3"]
[White "slidingknight2775"]
[Black "platy3"]
[Result "1/2-1/2"]
[WhiteElo "2609"]
[BlackElo "2875"]
[TimeControl "180+1"]
[EndTime "14:29:57 PDT"]
[Termination "Game drawn - insufficient material"]

1. d4 Nf6 2. Nf3 d5 3. c4 e6 4.
g3 Bb4+ 5. Nc3 dxc4 6. Bg2 O-O 7. O-O Nc6 8. Qa4 Nd5 9. Qc2 Be7 10. Rd1 b6 11. Ne5 Nxe5 12. dxe5 Bb7 13. a3 Qc8 14.
Nxd5 exd5 15. Bxd5 Bxd5 16. Rxd5 c6 17. Rd1 Qe6 18.
Bf4 Rfd8 19. h4 h6 20. a4 a6 21. Qe4 f5 22. Qf3 b5 23. h5 Rxd1+ 24. Rxd1 Rd8 25. Rxd8+ Bxd8 26. axb5 axb5 27. e4 fxe4 28. Qxe4 Be7 29. Be3 b4 30. Qd4 c5 31. Qd2 Qxe5 32. Qd7 Bf8 33.
Qb5 Qd5 34. Qe8 c3 35. bxc3 bxc3 36. Qg6 Qd1+ 37. Kg2 Qd5+ 38. Kg1 Qe5 39. Qc2 Be7 40. Qd3 Bf6 41. Qc4+ Kh8 42. Qxc5 Qxc5 43. Bxc5 c2 44. Ba3 Be7 45. Bc1 Bg5 46. f4 Be7 47. Kf2 Kg8 48.
Ke2 Kf7 49. Kd3 Ke6 50. g4 Kd5 51. g5 Ke6 52. gxh6 gxh6 53. Kxc2 Kf5 54. Kd3 Kg4 55. Ke2 Kxh5 56. Kf3 Kg6 57. Kg2 Kf5 58. Be3 h5 59.
Bf2 Kxf4 60. Bg3+ Kg4 61. Bh2 Bg5 62. Bb8 h4 63. Bh2 Bf6 64. Kh1 Bg7 65. Bg1 Be5 66. Bh2 Bxh2 67. Kxh2 h3 68. Kh1 h2 69. Kxh2 1/2-1/2

[Event "Late-Titled-Tuesday-Blitz-May-28-2024"]
[Site "Chess.com"]
[Date "2024.05.28"]
[Round "3"]
[White "Dexter_Dyke"]
[Black "Mariia89"]
[Result "1-0"]
[WhiteElo "2446"]
[BlackElo "2203"]
[TimeControl "180+1"]
[EndTime "14:29:57 PDT"]
[Termination "Dexter_Dyke won on time"]

1. e4 c6 2. d4 d5 3. exd5 cxd5 4. c4 Nf6 5. Nc3 e6 6. Nf3 Be7 7. a3 O-O 8. Bd3 dxc4 9. Bxc4 a6 10. O-O b5 11. Bb3 Bb7 12. Qd3 Nbd7 13. Bg5 Re8 14. Bc2 Nf8 15. Rad1 Nd5 16. Bc1 Rc8 17. Ne5 Bf6 18.
Rfe1 Ng6 19. Ng4 Be7 20. Ne2 Qc7 21. Bb3 Bd6 22. Bxd5 Bxd5 23. Ng3 Bf4 24. Nh5 Bxc1 25. Nhf6+ gxf6 26. Nxf6+ Kf8 27. Nxe8 Kxe8 28. h4 Bf4 29. h5 Nf8 30. g3 Bd6 31. Rd2 Qb7 32. f4 Bf3 33. f5 Bg4 34. fxe6 fxe6 35. d5 Qe7 36. dxe6 Bc5+ 37. Kh2 Bxe6 38. Rde2 Rc6 39.
Qe4 Qd7 40. Qf5 Kd8 41. Qf6+ Kc7 42. Qf4+ Bd6 43. Qf2 Bd5 44. Rd2 Qf7 45. Qe2 Ne6 46. Rf1 Qg7 47. Qf2 Ng5 48. Rxd5 Qd7 49. Qf5 Qxf5 50.
Rdxf5 Nf3+ 51. R1xf3 Rc2+ 52. Kh3 Rxb2 53. Rf7+ Kb6 54.
Rxh7 Bc5 55. Rh6+ Ka5 56. Rc6 Bd4 57. h6 Rb1 58. Rd6 Rh1+ 59. Kg4 Bc3 60. Rxc3 1-0

[Event "Late-Titled-Tuesday-Blitz-May-28-2024"]
[Site "Chess.com"]
[Date "2024.05.28"]
[Round "3"]
[White "IngOscarArdila"]
[Black "Itay121"]
[Result "1/2-1/2"]
[WhiteElo "2290"]
[BlackElo "2535"]
[TimeControl "180+1"]
[EndTime "14:29:59 PDT"]
[Termination "Game drawn - insufficient material"]

1. d4 Nf6 2. Nf3 e6 3. c4 b6 4. Nc3 Bb7 5. e3 Bb4 6. Bd2 O-O 7. Be2 c5 8. dxc5 bxc5 9. O-O d5 10. cxd5 exd5 11. a3 Ba5 12. Qb3 Bb6 13. Na4 Ne4 14. Be1 Nd7 15. Nxb6 axb6 16. Nd2 Ndf6 17. Nxe4 Nxe4 18. Rd1 Bc6 19. Rc1 Ba4 20. Qd3 Re8 21. f3 Nf6 22. Bh4 Qe7 23. Bf2 Bc6 24. Rfe1 Nd7 25.
Qf5 Ne5 26. Bg3 g6 27. Qc2 Nd7 28. Bf1 h5 29. Bd3 Kg7 30. h4 Ne5 31. Bf1 Qf6 32. Qc3 d4 33. exd4 cxd4 34. Bxe5 Rxe5 35. Qxd4 Rxe1 36. Qxf6+ Kxf6 37. Rxe1 Rd8 38. Kf2 Rd2+ 39.
Re2 Rd1 40. Rc2 Ba4 41. Rc4 b5 42. Rb4 Rd2+ 43. Ke3 Rd1 44. Bxb5 Bc2 45. Rf4+ Ke5 46. Rxf7 Rb1 47. b4 Rb3+ 48. Kd2 Bf5 49. Bd7 Rxa3 50. Bxf5 gxf5 51. b5 Rb3 52. Rh7 Rxb5 53. Rxh5 Rb2+ 54.
Ke3 Rxg2 55. f4+ Kf6 56. Kf3 Rh2 57. Kg3 Ra2 58. Rh6+ Kg7 59. Re6 Ra3+ 60. Kg2 Ra4 61. Kf3 Ra3+ 62. Re3 Ra1 63. Kg2 Kg6 64. Rg3+ Kh5 65.
Rg5+ Kxh4 66. Rxf5 Kg4 67. Rf8 Ra2+ 68. Kf1 Kf3 69. Ke1 Ke3 70. Kd1 Ke4 71. f5 Rf2 72. f6 Ke5 73. f7 Ke6 74. Re8+ Kxf7 75. Re2 Rxe2 76. Kxe2 1/2-1/2

[Event "Late-Titled-Tuesday-Blitz-May-28-2024"]
[Site "Chess.com"]
[Date "2024.05.28"]
[Round "3"]
[White "MusicCityMaster"]
[Black "tusplingher"]
[Result "0-1"]
[WhiteElo "2388"]
[BlackElo "2564"]
[TimeControl "180+1"]
[EndTime "14:29:59 PDT"]
[Termination "tusplingher won on time"]

1. e4 c5 2. Nf3 d6 3. d4 Nf6 4. Nc3 cxd4 5. Nxd4 a6 6. Bc4 e6 7. Bb3 Nbd7 8. Qe2 Nc5 9. g4 e5 10. Nf5 g6 11. g5 Nh5 12. Nh6 Bxh6 13. gxh6 Nxb3 14.
axb3 Be6 15. Be3 Qh4 16. O-O-O Rd8 17. f3 O-O 18. Rhg1 Nf4 19. Bxf4 exf4 20. Rd4 Qxh6 21. Rgd1 b5 22. Rxd6 Rc8 23. Rxa6 b4 24. Nd5 Bxd5 25.
exd5 Rfe8 26. Qd2 Qh3 27. Qxf4 Qg2 28. Rc6 Ra8 29. Kb1 Qe2 30. Rg1 Qf2 31. Rc1 Qa7 32. c3 Re2 33. Rc8+ Rxc8 34. Qxb4 Ra8 35. Qa4 Qb7 36.
Qc4 Ree8 37. b4 Rac8 38. Qd4 Red8 39. d6 Qc6 40. Rd1 Qxf3 41. c4 Qf5+ 42. Rd3 Qf1+ 43. Kc2 Qe2+ 44. Kc3 Qe1+ 45. Kc2 Rc6 46. c5 Qe6 47. b5 Rdxd6 48. Qxd6 Rxd6 49. cxd6 Qc4+ 50. Kd2 Qb4+ 51. Kc2 Qc5+ 52. Kd2 Qxb5 53. d7 Qa5+ 54. Kc2 Qd8 55. Kc3 Kf8 56. b3 Ke7 57. b4 Qc7+ 58. Kb3 Kd8 59. b5 Qxh2 60. Kb4 Qf4+ 61. Kc5 Qc7+ 62. Kb4 h5 63. Rd5 h4 64. Rc5 Qd6 65. b6 Qxb6+ 66. Kc4 Qxc5+ 67. Kxc5 Kxd7 0-1

[Event "Late-Titled-Tuesday-Blitz-May-28-2024"]
[Site "Chess.com"]
[Date "2024.05.28"]
[Round "3"]
[White "GP9isback23"]
[Black "Rud_Makarian"]
[Result "1/2-1/2"]
[WhiteElo "2680"]
[BlackElo "2948"]
[TimeControl "180+1"]
[EndTime "14:30:03 PDT"]
[Termination "Game drawn - insufficient material"]

1. d4 Nf6 2. Nf3 c5 3. e3 d5 4. Be2 cxd4 5. exd4 Nc6 6. O-O Bg4 7. c3 e6 8. Bf4 Bd6 9. Bxd6 Qxd6 10. Nbd2 O-O 11. Re1 Nd7 12. a4 h6 13. a5 Rab8 14. h3 Bf5 15.
Qa4 Qc7 16. Bb5 Rfc8 17. Ra2 a6 18. Bf1 Re8 19. Raa1 Rbd8 20. Qa3 e5 21. dxe5 Ndxe5 22. Qc5 Nxf3+ 23. Nxf3 Rxe1 24. Nxe1 Qd6 25. Qb6 Rd7 26. Bd3 Be4 27. Rd1 Qe6 28. Bf1 Ne5 29. Qd4 Nc6 30.
Qb6 Ne5 31. Qd4 Bg6 32. Qe3 Nc6 33. Qb6 Kh7 34. Nf3 Be4 35. Bd3 f5 36. Be2 Bxf3 37. Bxf3 Qf7 38. Qc5 Ne7 39. c4 Qf6 40. cxd5 Qd6 41.
Qc4 Ng6 42. Qd4 Ne5 43. Be2 g5 44. f4 Ng6 45. fxg5 hxg5 46. Bh5 Nf4 47. Bf3 g4 48. hxg4 fxg4 49. Qe4+ Kh6 50. Bxg4 Rg7 51. Qf5 Qc5+ 52. Kh2 Qd6 53. Kh1 Rg5 54. Qd7 Qxd7 55. Bxd7 Nxd5 56. Be6 Ne3 57. Re1 Nxg2 58. Rg1 Nf4 59.
Rxg5 Kxg5 60. Bc8 Nd3 61. Bxb7 Nxb2 62. Bxa6 Na4 63. Bb5 Nc5 64. a6 Nxa6 1/2-1/2

[Event "Late-Titled-Tuesday-Blitz-May-28-2024"]
[Site "Chess.com"]
[Date "2024.05.28"]
[Round "3"]
[White "Sanan_Sjugirov"]
[Black "Goryachkina"]
[Result "0-1"]
[WhiteElo "2978"]
[BlackElo "2707"]
[TimeControl "180+1"]
[EndTime "14:30:08 PDT"]
[Termination "Goryachkina won by resignation"]

1. e4 e5 2. Nf3 Nc6 3. Bb5 a6 4. Ba4 Nge7 5. d4 exd4 6. Nxd4 Nxd4 7. Qxd4 Nc6 8. Qd3 Bc5 9. O-O O-O 10. Nc3 d6 11.
Bxc6 bxc6 12. Be3 Bxe3 13. Qxe3 Re8 14. Rfe1 c5 15. Qg3 Rb8 16. b3 f6 17. Rad1 Bb7 18. f3 Qe7 19. Nd5 Bxd5 20. Rxd5 Qf7 21. Red1 Re5 22.
Qf2 Rbe8 23. Qf1 f5 24. Rxe5 Rxe5 25. Qxa6 fxe4 26. fxe4 Rxe4 27. Rf1 Qe8 28. Qd3 h6 29. a4 c4 30. bxc4 Re5 31. Qb3 Kh8 32. h3 Ra5 33.
Ra1 Qa8 34. Qb4 Rg5 35. Qd2 Ra5 36. Qb4 Rg5 37. Qd2 Ra5 38. Rf1 Rxa4 39. Qf4 Ra1 40. Kh2 Rxf1 41. Qxf1 Qe4 42. Kh1 Qe5 43. Qd3 c5 44. Kg1 Kg8 45. Kh1 Kh8 46. Kg1 Qf4 47. Qe2 Qd4+ 48. Kh1 Qa1+ 49. Kh2 Qe5+ 50. Qxe5 dxe5 51.
Kg3 Kg8 52. Kf3 Kf7 53. Ke4 Ke6 54. h4 h5 55. g3 g6 56. Ke3 Kf5 57. Kf3 e4+ 58.
Ke3 Ke5 59. c3 Kf5 60. Ke2 Kg4 61. Kf2 e3+ 62. Kxe3 Kxg3 63. Ke4 Kxh4 64. Kd5 Kg3 65. Kxc5 h4 66. Kb6 h3 67. c5 h2 68. c6 h1=Q 69. c7 Qg1+ 0-1

[Event "Late-Titled-Tuesday-Blitz-May-28-2024"]
[Site "Chess.com"]
[Date "2024.05.28"]
[Round "3"]
[White "kleinebeer98"]
[Black "NMJeevanK"]
[Result "0-1"]
[WhiteElo "2953"]
[BlackElo "2693"]
[TimeControl "180+1"]
[EndTime "14:30:09 PDT"]
[Termination "NMJeevanK won by checkmate"]

1. e4 d6 2. d4 Nf6 3. Nc3 e5 4.
Nf3 Nbd7 5. g4 g6 6. g5 Nh5 7. Be3 Bg7 8. Qd2 c6 9. O-O-O O-O 10. Kb1 Re8 11. dxe5 dxe5 12. Bc4 Qe7 13. Qd6 Qxd6 14. Rxd6 Bf8 15. Rd2 Nb6 16. Bb3 Bg4 17. Ne1 Rad8 18. Nd3 Bd6 19. h3 Bf3 20. Re1 Bc7 21. a4 Nc8 22.
Rg1 Ba5 23. Nc5 Rxd2 24. Bxd2 b6 25. Nd7 Rd8 26. Nxe5 Rxd2 27. Nxf3 Rxf2 28. Ne5 Nd6 29. Rd1 Bxc3 30. bxc3 Nxe4 31. Rd8+ Kg7 32. Rd7 Nd2+ 33. Kb2 Nxb3 34. Kxb3 Rf5 35. Nxc6 Rxg5 36. Rxa7 Nf4 37. Nd4 Rg3 38. a5 bxa5 39. Rxa5 Rxh3 40. Kb4 Rh4 41.
c4 Ng2 42. Nf3 Rf4 43. Ne5 Ne3 44. Kb3 h5 45. c5 Nd5 46. c4 Nc7 47. Ra7 Ne6 48.
c6 h4 49. c7 Nxc7 50. Rxc7 h3 51. Ra7 Rf1 52. Ra2 f6 53. Nd3 g5 54. c5 Rf3 55.
Kc4 Re3 56. c6 Re8 57. Kd5 g4 58. Kd6 Rd8+ 59. Ke6 Rxd3 60. Rc2 Rd8 61. Kf5 g3 62. Rc3 g2 63. c7 Rc8 64. Rg3+ Kf7 65. Rxh3 g1=Q 66. Rh7+ Kg8 67. Rd7 Qg5+ 68. Ke6 Qg4+ 69. Ke7 Qxd7+ 70. Kxd7 Rxc7+ 71. Kxc7 f5 72. Kd6 f4 73.
Ke5 f3 74. Kf4 f2 75. Kg5 f1=Q 76. Kh6 Qg1 77. Kh5 Kf7 78. Kh4 Kf6 79. Kh5 Qg5# 0-1

[Event "Late-Titled-Tuesday-Blitz-May-28-2024"]
[Site "Chess.com"]
[Date "2024.05.28"]
[Round "3"]
[White "BillCoe"]
[Black "TheAlienParty"]
[Result "0-1"]
[WhiteElo "2081"]
[BlackElo "2375"]
[TimeControl "180+1"]
[EndTime "14:30:09 PDT"]
[Termination "TheAlienParty won on time"]

1. e4 e5 2. Nf3 Nc6 3. Bb5 a6 4.
Ba4 d6 5. O-O Bd7 6. c3 g5 7. d4 g4 8. Ne1 h5 9. Be3 Bg7 10. d5 Nce7 11. Bxd7+ Qxd7 12. Nd2 f5 13. f3 f4 14. Bf2 Nf6 15. Bh4 Ng6 16. Bxf6 Bxf6 17.
c4 gxf3 18. Ndxf3 h4 19. h3 O-O-O 20. Qc2 Rdg8 21. Kh2 Kb8 22. b4 Rg7 23. c5 Rhg8 24. c6 Qc8 25. cxb7 Qxb7 26. a4 Nh8 27. a5 Nf7 28. b5 axb5 29. a6 Qa7 30. Qb2 Ng5 31. Qxb5+ Kc8 32. Qb7+ Qxb7 33. axb7+ Kxb7 34. Rf2 Nxe4 35.
Rb2+ Kc8 36. Ra7 Nc5 37. Rc2 Kd7 38. Nd3 Nxd3 39. Raxc7+ Ke8 40. Rc8+ Bd8 41. Nxh4 Ne1 42. Re2 Nd3 43. Nf5 Rg6 44. Nh4 Kd7 45. Rec2 Nc5 46. R8xc5 Bxh4 47. Rc7+ Ke8 48. Rc8+ Bd8 49. Ra8 Kf7 50.
Kh1 Be7 51. Ra7 Re8 52. Rcc7 Kf6 53. Rd7 Rg3 54. Ra2 e4 55. Ra6 Ke5 56. Raa7 Bf6 57. Rh7 Kxd5 58. Rh5+ Be5 59. Ra5+ Kd4 60. Rh7 Rc3 61.
Ra4+ Rc4 62. Ra1 e3 63. Rd1+ Ke4 64. Re7 Rc2 65. Rxe8 e2 66. Rxe5+ dxe5 67. Re1 Ke3 68.
Kg1 Rd2 69. g4 Rd1 0-1

[Event "Late-Titled-Tuesday-Blitz-May-28-2024"]
[Site "Chess.com"]
[Date "2024.05.28"]
[Round "3"]
[White "MarcoRiehle"]
[Black "Truequitos"]
[Result "1/2-1/2"]
[WhiteElo "2779"]
[BlackElo "2561"]
[TimeControl "180+1"]
[EndTime "14:30:11 PDT"]
[Termination "Game drawn - insufficient material"]

1. e4 e6 2. c4 d5 3. cxd5 exd5 4. Qb3 c6 5. e5 Nd7 6. d4 Qb6 7. Be3 Qxb3 8. axb3 Ne7 9. f4 Nf5 10. Bf2 h5 11. Bd3 Nb6 12. Nf3 Be7 13. Nc3 Be6 14. g3 O-O 15. h3 g6 16. Ke2 Nh6 17. Ng5 Bf5 18. Bxf5 gxf5 19. Nf3 f6 20. g4 hxg4 21. hxg4 Nxg4 22. Rh5 Kf7 23. Rxf5 Ke6 24. Rh5 fxe5 25. fxe5 Nxf2 26. Kxf2 Rf4 27. Rh3 a6 28. Ne2 Rf5 29. Ke3 Raf8 30. Rg1 Kd7 31. Rg7 R8f7 32. Rxf7 Rxf7 33. Nf4 Kc7 34. Rh6 Nc8 35. Rh8 Na7 36. Ne6+ Kb6 37. Nd8 Rg7 38. Ne6 Rf7 39. Rg8 Kb5 40. Rg7 Rxg7 41. Nxg7 Kb4 42. Nf5 Bf8 43. e6 Nc8 44. Ne5 Kxb3 45. Nd7 Bb4 46. Nc5+ Bxc5 47.
dxc5 Kxb2 48. Kd4 a5 49. Ke5 a4 50. Nd6 Ne7 51. Kf6 a3 52. Kxe7 a2 53. Kd7 a1=Q 54. e7 Qe1 55. Nxb7 d4 56. Nd6 d3 57. e8=Q Qxe8+ 58.
Kxe8 Kc3 59. Kd7 Kd4 60. Kxc6 d2 61. Nb5+ Kd3 62. Kb6 d1=Q 63. c6 Qf3 64. c7 Qf6+ 65. Kb7 Qf3+ 66. Kb8 Qf4 67. Kb7 Qe4+ 68. Ka7 Qe5 69.
c8=Q Qxb5 70. Qh3+ Kc4 71. Qg4+ Kb3 72. Qd1+ Kb4 73. Qb1+ Ka4 74. Qa2+ Kb4 75. Qb2+ Kc4 76. Qc2+ Kb4 77. Qb2+ Kc4 78. Qxb5+ Kxb5 1/2-1/2

[Event "Late-Titled-Tuesday-Blitz-May-28-2024"]
[Site "Chess.com"]
[Date "2024.05.28"]
[Round "3"]
[White "ChEsper99"]
[Black "subham777"]
[Result "0-1"]
[WhiteElo "2242"]
[BlackElo "2571"]
[TimeControl "180+1"]
[EndTime "14:30:11 PDT"]
[Termination "subham777 won on time"]

1. e4 e6 2. d4 d5 3. Nd2 c5 4. exd5 Qxd5 5. Ngf3 cxd4 6. Bc4 Qd7 7. O-O Nc6 8. Nb3 Nf6 9. Nbxd4 Nxd4 10. Qxd4 a6 11. Rd1 Qxd4 12. Nxd4 Bd7 13. a4 Bc5 14. Nb3 Ba7 15. Be3 Bxe3 16. fxe3 Rc8 17. Bd3 O-O 18. Kf2 Bc6 19. h3 Rfd8 20. Nd2 h6 21. g4 g6 22. a5 Kg7 23. Rac1 e5 24. Be2 Rd5 25. b4 Rcd8 26. Nb3 Ne4+ 27. Ke1 Nc3 28.
Rxd5 Bxd5 29. Nc5 Bc6 30. Bd3 Nd5 31. Ke2 Nxb4 32. Rb1 Nxd3 33. cxd3 Bb5 34. Rb3 Rd5 35. Rc3 Kf6 36. e4 Rd4 37. Ke3 Kg5 38. Nxb7 Kh4 39. Nc5 Kxh3 40. Rc1 Kxg4 41. Rf1 f5 42. exf5 gxf5 43. Rg1+ Kh5 44. Ne6 Rxd3+ 45. Kf2 Rd2+ 46. Ke3 Re2+ 47. Kf3 e4+ 48. Kf4 Rf2+ 49. Ke5 e3 50. Ng7+ Kh4 51. Nxf5+ Rxf5+ 52. Kxf5 e2 53. Kf4 Kh3 54. Kf3 Kh2 55. Kf2 Kh3 56. Rh1+ Kg4 57.
Rxh6 Kf4 58. Rh3 Ke4 59. Ra3 Kd4 60. Ra1 Kc3 61. Ke1 Kb3 62. Kd2 Kb2 63. Re1 Kb3 64. Rh1 Kb4 65. Ra1 Bc4 66. Ke1 Kc3 67.
Rb1 Bd3 68. Rc1+ Kb2 69. Rc5 Kb3 70. Rd5 Bc4 71. Re5 Kc3 72. Rxe2 Kb4 0-1

[Event "Late-Titled-Tuesday-Blitz-May-28-2024"]
[Site "Chess.com"]
[Date "2024.05.28"]
[Round "3"]
[White "artin10862"]
[Black "GianmarcoVaR"]
[Result "0-1"]
[WhiteElo "3015"]
[BlackElo "2723"]
[TimeControl "180+1"]
[EndTime "14:30:13 PDT"]
[Termination "GianmarcoVaR won on time"]

1. d4 Nf6 2. Bg5 d5 3. e3 c5 4. Bxf6 gxf6 5. dxc5 e6 6. Nf3 Bxc5 7. a3 Nc6 8. Nbd2 Be7 9. c3 f5 10. g3 Bf6 11.
Bg2 Qb6 12. Qc2 Qa6 13. Bf1 Qb6 14. Be2 Bd7 15. O-O Rc8 16. Rfd1 O-O 17. Rab1 Kh8 18. Nb3 Ne7 19. Nbd2 Qa5 20. Re1 Ba4 21. Qc1 Rc7 22.
Bd1 Nc8 23. Nd4 Nd6 24. Bxa4 Qxa4 25. Qd1 Qxd1 26. Rexd1 b5 27. N4b3 Nb7 28. Nf3 a5 29. Nbd4 Nd6 30. Kf1 Rb8 31. Rdc1 Kg7 32. Ke2 Ne4 33.
Nb3 b4 34. cxb4 Rxc1 35. Nxc1 axb4 36. a4 Ra8 37. Nd3 Rxa4 38. Nd2 Nd6 39. b3 Ra7 40.
Nxb4 Ne4 41. Nxe4 fxe4 42. Nc2 Ra2 43. Kd1 Kf8 44. b4 Ke8 45. b5 Kd8 46. b6 Kc8 47.
b7+ Kb8 48. Nb4 Rb2 49. Nc6+ Kxb7 50. Rxb2+ Bxb2 51. Nd8+ Kc7 52. Nxf7 Bf6 53. Nh6 Bg7 54. Nf7 h6 55. g4 Kd7 56. g5 h5 57. g6 Ke7 58. Ng5 Kf6 59. h4 e5 60. Ke2 Kxg6 61. f3 Bf6 62. fxe4 Bxg5 63. hxg5 dxe4 64. Kf2 Kxg5 65.
Kg3 h4+ 66. Kh3 Kh5 0-1

[Event "Late-Titled-Tuesday-Blitz-May-28-2024"]
[Site "Chess.com"]
[Date "2024.05.28"]
[Round "3"]
[White "Romadk"]
[Black "AldokhinIvan"]
[Result "0-1"]
[WhiteElo "2456"]
[BlackElo "2632"]
[TimeControl "180+1"]
[EndTime "14:30:14 PDT"]
[Termination "AldokhinIvan won by resignation"]

1. d4 Nf6 2. Nf3 g6 3. c4 Bg7 4. Nc3 d6 5. Bg5 O-O 6. e3 c5 7.
d5 h6 8. Bh4 e6 9. Be2 exd5 10.
cxd5 a6 11. a4 Re8 12. O-O g5 13. Bg3 Nh5 14. Nd2 Nxg3 15. hxg3 Nd7 16. Nc4 Ne5 17. Qc2 Nxc4 18. Bxc4 Rb8 19. a5 b5 20. axb6 Rxb6 21. b3 Qf6 22. Rac1 h5 23. Ne2 Bf5 24. Bd3 Bxd3 25. Qxd3 Reb8 26. Rb1 a5 27. Rfc1 Rb4 28. Rc4 R4b6 29. Ra4 Rb5 30. Nc1 Qc3 31. Qxc3 Bxc3 32. Ne2 Be5 33. f4 Bf6 34. Kf2 g4 35. Nc1 Kg7 36. Ke2 Kg6 37. Kd3 Bg7 38. Kc2 f5 39.
Ne2 Re8 40. Kd3 Rb7 41. Nc1 Rbe7 42. Rxa5 Rxe3+ 43. Kc4 R8e4+ 44. Kb5 Rxg3 45. Kc6 Rxg2 46. Kxd6 h4 47. Kxc5 h3 48. d6 h2 49. Nd3 Rd4 50. Ne5+ Bxe5 51. fxe5 Rdd2 52. e6 Rg1 53. e7 Kf7 54.
Ra8 Rc2+ 55. Kd5 Re2 56. Rf8+ Kg7 57. d7 Rxb1 58. e8=Q h1=Q+ 59. Kc4 Qe4+ 60. Qxe4 Rxe4+ 61. Kd3 Rd1+ 62. Kc3 Rxd7 63. Rxf5 Rf7 64. Kb2 Rxf5 65.
b4 g3 66. b5 Rxb5+ 67. Ka3 Rbe5 68. Kb2 g2 69. Ka3 Rf5 70. Ka2 Rf3 0-1

[Event "Late-Titled-Tuesday-Blitz-May-28-2024"]
[Site "Chess.com"]
[Date "2024.05.28"]
[Round "3"]
[White "Iball95"]
[Black "NeverGiveUppp"]
[Result "0-1"]
[WhiteElo "2844"]
[BlackElo "2598"]
[TimeControl "180+1"]
[EndTime "14:30:17 PDT"]
[Termination "NeverGiveUppp won by checkmate"]

1. e4 c5 2. Nf3 d6 3. Nc3 Nf6 4.
d4 cxd4 5. Qxd4 Nc6 6. Bb5 Bd7 7. Bxc6 Bxc6 8. Bg5 e6 9. O-O-O Be7 10. Rhe1 Qa5 11.
Nd5 Bxd5 12. exd5 Nxd5 13. Qxg7 Rf8 14. Bxe7 Nxe7 15. Kb1 O-O-O 16. Qxh7 Nd5 17. Qe4 Kb8 18. g3 Rc8 19. Re2 Qb5 20. Ka1 Rc4 21. Qd3 Qc5 22.
c3 Ra4 23. Nd4 Rc8 24. h4 Qa5 25. Qb1 Qa6 26. Red2 Rc5 27. Nb3 Rb5 28. Nc1 Nxc3 29. Rxd6 Nxb1 30. Rxa6 Rxa6 31. Kxb1 Rc6 32. Ne2 Rd5 33.
Rxd5 exd5 34. h5 Rf6 35. f4 Re6 36. Nc3 Re3 37. g4 d4 38. Nd5 Rh3 39. Kc2 Kc8 40. Nf6 Kc7 41. g5 Kd6 42. h6 Ke6 43. h7 Kf5 44.
Ne8 Rxh7 45. Nd6+ Kxf4 46. Nxb7 Ke4 47. Nc5+ Kd5 48. Nb3 Rh2+ 49. Kd3 Rxb2 50. Nxd4 Rxa2 51. Nb5 Ra5 52. Nc3+ Ke5 53. Ne2 Ra3+ 54. Kc4 Kf5 55. Nd4+ Kxg5 56. Nb5 Re3 57. Kd4 Re1 58. Nxa7 f5 59.
Kd3 f4 60. Kd2 Re7 61. Nc6 Re8 62. Nd4 Rd8 63. Kd3 Kg4 64. Ke4 Rxd4+ 65. Kxd4 Kg3 66.
Kd3 f3 67. Kd2 Kg2 68. Ke1 f2+ 69. Ke2 f1=Q+ 70. Ke3 Qf3+ 71. Kd4 Kf2 72. Ke5 Ke3 73. Kd6 Qh5 74. Kc6 Kd4 75. Kd6 Qg6+ 76. Ke7 Ke5 77. Kf8 Qh7 78. Ke8 Ke6 79. Kf8 Qf7# 0-1

[Event "Late-Titled-Tuesday-Blitz-May-28-2024"]
[Site "Chess.com"]
[Date "2024.05.28"]
[Round "3"]
[White "SRob2003"]
[Black "TigrVShlyape"]
[Result "1-0"]
[WhiteElo "2685"]
[BlackElo "2908"]
[TimeControl "180+1"]
[EndTime "14:30:21 PDT"]
[Termination "SRob2003 won by resignation"]

1. c4 f5 2. g3 Nf6 3. Bg2 g6 4. Nc3 Bg7 5. Nf3 O-O 6. O-O d6 7. Rb1 a5 8. a3 e5 9. d3 Nc6 10. b4 axb4 11. axb4 h6 12. b5 Ne7 13. Bb2 g5 14.
Qc2 Be6 15. Ra1 Qd7 16. Nd2 c6 17. Rxa8 Rxa8 18. Ra1 Rxa1+ 19. Bxa1 Qc7 20. Qa4 Nd7 21. Bb2 Kf7 22. Ba3 e4 23. Qc2 Qa5 24. Bb2 d5 25. bxc6 bxc6 26. cxd5 cxd5 27. e3 Nc5 28. dxe4 dxe4 29.
Bf1 Qb4 30. Nd1 Bxb2 31. Qxb2 Qxb2 32. Nxb2 Kf6 33. Bc4 Bd7 34. Nd1 Nc6 35. Nc3 Ne5 36. Be2 Bc6 37. Nc4 Nxc4 38. Bxc4 Ke5 39. Kf1 Nd7 40.
Ne2 Nf6 41. Nd4 Bd7 42. Bb5 Be6 43. Kg2 Bd5 44. Ne2 Bb7 45. h4 Nd5 46. hxg5 hxg5 47. Bc4 Nb4 48. Bb5 Nd3 49. Nd4 f4 50. gxf4+ gxf4 51. Nc6+ Kd6 52. Nd4 Ke5 53. Nc6+ Bxc6 54. Bxc6 f3+ 55. Kg3 Nc1 56. Bb5 Ne2+ 57. Kg4 Nc3 58.
Bc4 Nd1 59. Kg3 Kf5 60. Ba6 Nc3 61. Bb7 Ne2+ 62. Kh3 Nc1 63. Kg3 Nd3 64. Bc6 Ke5 65. Bb7 Nb4 66. Ba8 Na2 67. Bb7 Nc3 68. Bc6 Ne2+ 69.
Kg4 Nc1 70. Kg3 Nb3 71. Bb7 Nc5 72. Bc6 Kf5 73. Ba8 Nd3 74. Bc6 Ne5 75. Bb7 Nc4 76.
Bc6 Nd6 77. Bd5 Ke5 78. Bc6 Nf5+ 79. Kg4 Ne7 80. Bb7 Ng8 81. Kg3 Nf6 82. Bc6 Kf5 83. Bb7 Nd7 84. Bc8 Ke6 85. Bxd7+ Kxd7 86. Kf4 Ke6 87.
Kxe4 Kf6 88. Kxf3 1-0

[Event "Late-Titled-Tuesday-Blitz-May-28-2024"]
[Site "Chess.com"]
[Date "2024.05.28"]
[Round "3"]
[White "guillembaches"]
[Black "sammartin99"]
[Result "1-0"]
[WhiteElo "2490"]
[BlackElo "2296"]
[TimeControl "180+1"]
[EndTime "14:30:21 PDT"]
[Termination "guillembaches won by resignation"]

1. e4 c6 2. d4 d5 3. e5 Bf5 4. Be3 e6 5. Nd2 Nd7 6. Be2 Ne7 7. f4 h6 8. Ngf3 Nc8 9. O-O Be7 10. Nb3 a5 11. a4 Ncb6 12. Nfd2 Bh7 13. Bd3 Bxd3 14. cxd3 g6 15. Nc5 Nxc5 16. dxc5 Nd7 17. d4 b6 18.
Nb3 bxc5 19. dxc5 Rb8 20. Rc1 Rb4 21. Nd4 Qa8 22. Nf3 Rxb2 23. Rb1 Rxb1 24. Qxb1 Bxc5 25.
Bxc5 Nxc5 26. Rc1 Ne4 27. Qb6 c5 28. h4 O-O 29. h5 gxh5 30. Kh2 Rb8 31. Qc7 Rc8 32.
Qe7 Qa6 33. f5 exf5 34. Rb1 Qe6 35. Qh4 Ng5 36. Nxg5 Qxe5+ 37. Kh1 hxg5 38. Qxg5+ Qg7 39. Qxf5 Rd8 40. Rf1 d4 41. Rf3 Qg6 42. Qf4 d3 43.
Rg3 Qxg3 44. Qxg3+ Kf8 45. Qc7 Ke8 46. Qe5+ Kf8 47.
Qxc5+ Ke8 48. Qc6+ Ke7 49. Qc5+ Ke8 50. Qe5+ Kf8 51. Qxa5 Ke7 52. Qe5+ Kf8 53. Qh8+ Ke7 54. Qe5+ Kf8 55. Qc5+ Ke8 56. Qe3+ Kf8 57. Qd2 Rd6 58. a5 Ke7 59. a6 Rxa6 60. Qxd3 Re6 61. Qd2 Kf6 62. Qh6+ Ke5 63. Qxh5+ Kd6 64. Qxf7 Ke5 65.
Qh5+ Kf6 66. Qf3+ Kg6 67. Kh2 Rf6 68. Qg4+ Kf7 69. Qd7+ Kg6 70. g3 1-0

[Event "Late-Titled-Tuesday-Blitz-May-28-2024"]
[Site "Chess.com"]
[Date "2024.05.28"]
[Round "3"]
[White "sleeping_in_the_fire"]
[Black "Fonsofan"]
[Result "1/2-1/2"]
[WhiteElo "2440"]
[BlackElo "2792"]
[TimeControl "180+1"]
[EndTime "14:30:22 PDT"]
[Termination "Game drawn - insufficient material"]

1. e4 d6 2. d4 Nf6 3. Nc3 e5 4.
dxe5 dxe5 5. Qxd8+ Kxd8 6. Bg5 Bd6 7. O-O-O Nd7 8. f4 exf4 9. Nf3 h6 10. Bxf6+ gxf6 11. Bc4 Rh7 12. Nd5 Rg7 13. Nxf6 Nxf6 14. e5 Ng4 15.
Rd4 Nxe5 16. Nxe5 Be6 17. Re1 Ke7 18. Nxf7 Kxf7 19. Rxe6 Kf8 20. Rxh6 Ke7 21. Re4+ Kd7 22. Bb5+ c6 23. Rd4 cxb5 24. Rhxd6+ Kc7 25. Rf6 Rxg2 26. Rfxf4 Rxh2 27. b3 Rh7 28. Kb2 a6 29. Rf5 Re8 30. a4 bxa4 31. Rxa4 Kb6 32. Rb4+ Ka7 33. Rf6 Rc8 34.
Rd4 Rh2 35. Rc4 Rxc4 36. bxc4 Rh3 37. Rg6 a5 38. Rf6 b6 39. Rd6 Kb7 40. Rf6 a4 41. Rd6 a3+ 42. Ka2 Rc3 43. Rd3 Rxc2+ 44. Kxa3 Rxc4 45.
Kb3 Rc5 46. Rh3 Ka6 47. Kb4 Rg5 48. Ra3+ Kb7 49. Rh3 Rg4+ 50. Kb3 Ka6 51. Rh5 Rg3+ 52. Kb4 Rg1 53. Kb3 Rb1+ 54. Ka4 b5+ 55. Ka3 Ka5 56.
Ka2 Rg1 57. Rh2 Rg3 58. Rf2 Rg4 59. Kb2 Ka4 60. Ka2 b4 61. Kb2 Rc4 62. Rh2 Rc6 63.
Rf2 Rd6 64. Rh2 Rf6 65. Rg2 Rf3 66. Rh2 Rb3+ 67. Ka2 Rc3 68. Kb2 Rc4 69. Rg2 Rh4 70.
Rf2 Kb5 71. Rg2 Kc4 72. Rc2+ Kd5 73. Rg2 Rh3 74. Rd2+ Kc5 75. Rc2+ Kb5 76. Rg2 Rd3 77. Rf2 Ka4 78. Rg2 Rb3+ 79. Ka2 Rf3 80. Kb2 Rf4 81.
Rh2 Rc4 82. Rg2 b3 83. Rh2 Kb4 84. Rg2 Rc2+ 85. Rxc2 bxc2 86. Kxc2 1/2-1/2

[Event "Late-Titled-Tuesday-Blitz-May-28-2024"]
[Site "Chess.com"]
[Date "2024.05.28"]
[Round "3"]
[White "KingCyber19"]
[Black "King_Deded4d5"]
[Result "1-0"]
[WhiteElo "2625"]
[BlackElo "2450"]
[TimeControl "180+1"]
[EndTime "14:30:22 PDT"]
[Termination "KingCyber19 won on time"]

1. d4 d5 2. c4 e6 3. g3 Nf6 4. Bg2 dxc4 5. Nf3 c6 6. O-O b5 7.
a4 Bb7 8. b3 cxb3 9. Qxb3 b4 10. a5 c5 11. Rd1 Bd5 12. Qa4+ Qd7 13. Qc2 c4 14. Ne5 Qb7 15. f3 c3 16. e4 Bc6 17. Nxc3 bxc3 18. Qxc3 Bb4 19. Qc4 Be7 20. a6 Qb5 21. Qc3 O-O 22. Ba3 Bxa3 23. Qxa3 Rc8 24. Rdb1 Qxa6 25. Qxa6 Nxa6 26. Rxa6 Be8 27. Rba1 Rc7 28.
f4 Rd8 29. Rd1 Bb5 30. Ra5 a6 31. h3 h5 32. Ra2 Rc3 33. Kh2 Rdc8 34. d5 Rc2 35. Rd2 Rxa2 36. Rxa2 exd5 37. exd5 Rd8 38. Rd2 Kf8 39. d6 Ne8 40. d7 Nf6 41. g4 hxg4 42. hxg4 Nxd7 43. Nc6 Bxc6 44. Bxc6 Ke7 45. Ra2 Nc5 46. Rc2 Kd6 47. Bf3 Rc8 48. Rd2+ Kc7 49. Rd5 Kb6 50. Rd6+ Kb5 51. Be2+ Kb4 52. Bxa6 Nxa6 53.
Rxa6 Kc5 54. Ra7 Rf8 55. f5 Kd5 56. Kg3 Ke5 57. Kh4 g6 58. Ra5+ Kf6 59. Ra6+ Kg7 60. f6+ 1-0